Map: Magannatha LE

Players

leunam

  • Race: Terran Terran
  • League: Master
  • Spawn Location: 11:00

ManlyManMeat - Winner!

  • Race: Zerg Zerg
  • League: Diamond
  • Spawn Location: 5:00

VOD

Have the link to the VOD?

Description

Time

  • Played on: July 3, 2025, 9:43 a.m.
  • Length: 13:08
Show
View Real Time Build Order
Export as new Build Order

leunam Terran 

Build Orders: Reaper Expand 

Get SALT Encoding   

  12  0:00  SCV  
  13  0:12  SCV  
  14  0:17  Supply Depot  
  14  0:24  SCV  
  15  0:39  SCV  
  15  0:40  Barracks  
  16  0:46  Refinery  
  16  0:51  SCV  
  17  1:03  SCV  
  18  1:15  SCV  
  19  1:27  Orbital Command  
  19  1:29  Reaper  
  20  1:40  Command Center  
  20  1:49  Supply Depot  
  20  1:53  SCV  
  21  2:01  Barracks Reactor  
  21  2:04  Barracks  
  21  2:09  SCV  
  22  2:15  Barracks  
  22  2:21  SCV  
  23  2:33  SCV  
  24  2:45  SCV  
  24  2:48  Marine  
  24  2:49  Marine  
  27  2:53  Orbital Command  
  27  2:57  SCV  
  28  2:59  Barracks Tech Lab  
  28  3:06  Marine x2  
  28  3:07  Supply Depot  
  28  3:09  SCV  
  30  3:15  Barracks Tech Lab  
  30  3:21  Marine, SCV  
  30  3:22  Stimpack  
  30  3:24  Marine, SCV  
  34  3:27  Marine  
  34  3:34  SCV  
  36  3:35  Concussive Shells  
  36  3:36  SCV  
  36  3:39  Supply Depot, Marine  
  38  3:41  Marine  
  38  3:42  Marine  
  38  3:45  Marine  
  38  3:46  SCV  
  42  3:48  SCV  
  43  3:57  Marauder  
  43  3:58  SCV  
  43  3:59  Marauder  
  43  4:00  Marine  
  43  4:01  Supply Depot, SCV  
  50  4:03  Marine  
  50  4:09  Supply Depot  
  51  4:10  SCV  
  52  4:18  Marauder, Marine  
  52  4:21  Marauder, Command Center, Marine  
  58  4:35  Supply Depot, Marine  
  58  4:37  SCV x2  
  61  4:39  Marine  
  61  4:40  Marauder  
  61  4:41  Refinery  
  61  4:42  Marine  
  65  4:49  SCV x2  
  65  4:52  Engineering Bay  
  67  4:53  Engineering Bay  
  67  4:54  Marine  
  67  4:57  Marine  
  67  4:59  Marine  
  69  5:00  Marine  
  69  5:06  Combat Shield  
  71  5:19  Marine x3  
  69  5:27  Marine  
  69  5:34  SCV x2  
  63  5:37  Marine x2  
  63  5:38  Marauder  
  63  5:45  Marine  
  63  5:46  SCV x2  
  61  5:54  Marine  
  61  5:55  Marine  
  61  5:56  Terran Infantry Weapons Level 1  
  60  5:57  Terran Infantry Armor Level 1  
  60  5:59  Marauder, SCV x2  
  60  6:03  Refinery, Orbital Command, Marine  
  65  6:09  Factory  
  65  6:11  SCV x2  
  67  6:13  Marine x2  
  69  6:20  Marine x2  
  69  6:22  Supply Depot  
  69  6:23  SCV x2  
  73  6:30  Marine  
  73  6:31  Marine  
  73  6:32  Missile Turret  
  75  6:33  Orbital Command  
  75  6:38  Marine  
  76  6:40  Marine  
  76  6:44  SCV x2  
  79  6:48  Marine x2  
  81  6:56  Marauder, SCV x2  
  81  6:58  Marine  
  68  7:06  Marine  
  65  7:08  Marine  
  65  7:10  SCV x3  
  66  7:16  Marauder  
  66  7:17  Marine, Armory  
  66  7:22  Starport, SCV x3  
  72  7:23  Factory Reactor  
  72  7:24  Marine  
  72  7:26  Marine  
  72  7:28  Barracks x2  
  74  7:34  SCV  
  74  7:35  Marauder  
  77  7:37  Marauder, SCV x2  
  77  7:42  Marine  
  82  7:44  Supply Depot, Marine  
  82  7:46  SCV  
  82  7:49  SCV x2  
  85  7:57  Marauder  
  82  7:58  Marine  
  82  8:01  SCV x3  
  83  8:11  Marine x2  
  85  8:13  Terran Infantry Armor Level 2, Terran Infantry Weapons Level 2, SCV x2  
  85  8:14  SCV  
  85  8:17  Marauder  
  85  8:18  Marauder  
  92  8:21  Factory  
  92  8:24  Factory Tech Lab  
  92  8:27  Barracks Tech Lab, Barracks Reactor  
  92  8:28  Medivac  
  92  8:29  Marine  
  92  8:32  SCV x3  
  98  8:38  Marauder, Refinery  
  98  8:40  Refinery  
  100  8:43  Supply Depot  
  100  8:44  SCV x3  
  88  8:56  SCV x2  
  88  8:57  SCV  
  84  9:04  Supply Depot  
  84  9:08  SCV x2  
  84  9:09  SCV  
  84  9:11  Siege Tank  
  84  9:14  Factory Tech Lab  
  87  9:20  SCV x2  
  87  9:21  SCV  
  90  9:27  Bunker  
  90  9:30  Marine x5  
  90  9:31  Marauder, Marine  
  97  9:32  SCV  
  97  9:33  SCV x2  
  101  9:39  Supply Depot  
  101  9:40  Medivac x2  
  101  9:45  SCV x3  
  108  9:46  Refinery  
  108  9:52  Command Center  
  108  9:53  Marine x2  
  108  9:54  Marine  
  108  9:57  SCV x3  
  114  10:02  Marine x3  
  114  10:03  Supply Depot  
  112  10:09  SCV x3  
  112  10:11  Marine x2  
  112  10:12  Marauder, Marine  
  109  10:20  Marine x2  
  109  10:21  Marauder, SCV x3  
  106  10:29  Marine x2  
  106  10:30  Marine  
  106  10:32  Medivac x2  
  106  10:33  Marauder, SCV  
  115  10:40  Marauder, Marine  
  115  10:41  Marine  
  119  10:47  Marine x2  
  111  10:50  SCV  
  111  10:51  SCV  
  111  10:54  Marauder  
  115  11:02  SCV  
  115  11:03  SCV  
  117  11:07  Marine x2  
  117  11:08  Marauder  
  118  11:18  Command Center  
  118  12:02  Command Center  
  118  12:21  Supply Depot  
  118  12:28  Supply Depot  
  118  12:30  Marine x4, SCV, Medivac  
  118  12:32  Marine x3, SCV, Siege Tank  
  118  12:33  Supply Depot  
  132  12:42  SCV  
  133  12:44  SCV  
  133  12:47  Marine x2  
  133  12:48  Marine  
  141  12:54  SCV  
Show
View Real Time Build Order
Export as new Build Order

ManlyManMeat Zerg - Winner!

Build Orders: Hatch First 

Get SALT Encoding   

  12  0:00  Drone  
  13  0:08  Drone  
  14  0:16  Drone, Extractor  
  15  0:22  Overlord  
  15  0:41  Drone  
  16  0:47  Hatchery  
  15  0:50  Drone  
  15  0:54  Drone  
  17  0:57  Drone  
  18  1:08  Extractor  
  17  1:14  Spawning Pool  
  17  1:16  Drone  
  17  1:20  Drone  
  18  1:26  Drone  
  19  1:36  Drone  
  20  2:00  Queen  
  20  2:01  Queen  
  22  2:02  Zergling x4  
  22  2:04  Overlord  
  26  2:10  Metabolic Boost  
  26  2:17  Drone x2  
  28  2:26  Drone x2  
  30  2:34  Extractor  
  29  2:52  Drone x4  
  29  2:53  Drone  
  34  3:01  Hatchery  
  34  3:03  Zergling x2  
  33  3:23  Drone  
  33  3:24  Drone  
  33  3:25  Overlord  
  33  3:27  Overlord x2  
  35  3:28  Overlord  
  35  3:45  Drone x3  
  35  3:48  Drone x4  
  41  3:50  Queen  
  41  3:51  Queen  
  46  3:55  Baneling Nest  
  46  3:56  Evolution Chamber  
  44  4:06  Drone  
  44  4:07  Drone  
  44  4:08  Drone x4  
  50  4:24  Drone x2  
  50  4:25  Drone x6  
  58  4:34  Zergling x2  
  58  4:37  Zergling x4  
  58  4:38  Zergling x4  
  63  4:43  Lair  
  63  4:44  Zerg Melee Weapons Level 1  
  63  4:48  Queen  
  63  4:49  Queen  
  63  4:51  Overlord  
  63  4:52  Baneling x3  
  67  5:00  Zergling x12  
  67  5:03  Baneling  
  67  5:04  Baneling x2  
  73  5:15  Zergling x2  
  73  5:16  Zergling x6, Baneling  
  73  5:17  Baneling  
  57  5:29  Zergling x16  
  57  5:33  Zergling x2  
  60  5:39  Zergling x2  
  60  5:40  Zergling x2  
  60  5:54  Zergling x8  
  64  6:11  Baneling x2  
  64  6:12  Baneling x6  
  64  6:17  Drone x6  
  70  6:20  Queen  
  70  6:21  Queen  
  74  6:29  Overlord  
  74  6:30  Overlord  
  74  6:34  Centrifugal Hooks  
  64  7:07  Zergling x24  
  73  7:20  Baneling x9  
  73  7:27  Hatchery  
  72  7:30  Hatchery  
  72  7:32  Hatchery  
  70  7:44  Hatchery  
  65  7:58  Zergling x2  
  65  7:59  Zergling x32  
  82  8:11  Zerg Ground Armor Level 1  
  82  8:16  Zergling x2, Evolution Chamber  
  82  8:18  Overlord x6  
  82  8:19  Baneling x8  
  82  8:23  Extractor  
  82  8:24  Extractor  
  67  9:01  Zergling x14  
  67  9:02  Zergling x34  
  88  9:07  Queen  
  88  9:08  Queen  
  92  9:13  Queen  
  92  9:17  Queen  
  92  9:19  Zergling x24  
  92  9:22  Baneling x9  
  106  9:41  Baneling x9  
  106  9:43  Zergling x22  
  106  9:44  Zergling x2  
  118  9:56  Zergling x18  
  105  10:20  Zergling x2  
  105  10:21  Zergling x12, Baneling x2  
  104  10:22  Baneling x6  
  104  10:23  Drone x8  
  104  10:24  Drone  
  100  10:55  Zergling x2  
  100  10:56  Zergling x48  
  92  11:11  Zergling x14  
  99  11:21  Zergling x14  
  99  11:25  Baneling x15  
  106  11:33  Zergling x14  
  106  11:34  Zergling x10  
  118  11:49  Baneling x5  
  118  11:59  Zergling x38  
  134  12:12  Zergling x2  
  134  12:13  Zergling x20  
  145  12:17  Zergling x2  
  145  12:18  Zergling x6  
  149  12:29  Baneling x9  
Tags
 
Add a new tag
Caveats
  • Supply blocks, unpowered buildings, or Contaminate may cause inaccurate times.
  • Supply counts are checked every 10 seconds.